 Dungeon Sprint DCSS version 0.29-a0-338-g1ff7896281 (webtiles) character file.

Game seed: 183637383040334767

1900000 HendSelp the Conqueror (level 16, -4/183 HPs)
             Began as a Ghoul Monk on Apr 18, 2022.
             Was a High Priest of Makhleb.
             Slain by a bag of meat
             ... wielding a +9 war axe
              (31 damage)
             ... in the Dungeon (Sprint VIII: "Arena of Blood").
             The game lasted 00:00:32 (19 turns).

HendSelp the Conqueror (Ghoul Monk)                   Turns: 19, Time: 00:00:33

Health: -4/183     AC:  2    Str: 23    XL:     16   Next: 88%
Magic:  15/15      EV: 23    Int:  5    God:    Makhleb [*****.]
Gold:   0          SH:  0    Dex: 11    Spells: 15/15 levels left

rFire   . . .      SeeInvis .   i - +∞ Axe of Woe
rCold   + . .      Faith    .   (shield currently unavailable)
rNeg    + + +      Spirit   .   b - +0 robe
rPois   ∞          Reflect  .   (no helmet)
rElec   .          Harm     .   (no cloak)
rCorr   .          Rampage  .   (no gloves)
Will    +....      NoTele   +   (no boots)
Stlth   ++........              (no amulet)
HPRegen 0.00/turn               (no ring)
MPRegen 0.14/turn               (no ring)

@: inhibited regen
A: claws 1, cold resistance 1, negative energy resistance 3, inhibited
regeneration, torment resistance 2, devour on kill
a: Renounce Religion, Minor Destruction, Lesser Servant of Makhleb, Major
Destruction, Greater Servant of Makhleb


You were in the Dungeon.
You worshipped Makhleb.
Makhleb was extremely pleased with you.
You visited 1 branch

Inventory:

Hand Weapons
 a - a +0 hand axe
 i - the +∞ Axe of Woe (weapon)
   (You found it in the Dungeon)
Armour
 b - a +0 robe (worn)
Scrolls
 h - a scroll of blinking
Potions
 c - a potion of ambrosia
 d - a potion of curing
 e - a potion of heal wounds
 f - a potion of haste
 g - 2 potions of magic


   Skills:
 O Level 27 Fighting
 O Level 27 Axes
 O Level 27 Dodging
 - Level 2.1 Stealth


You had 15 spell levels left.
You didn't know any spells.
Your spell library was empty.

Dungeon Overview and Level Annotations

Branches:
Dungeon (1/1)

Altars:
Makhleb


Innate Abilities, Weirdness & Mutations

You are immune to poison.
You have sharp fingernails.
Your flesh is cold resistant. (rC+)
You are immune to negative energy. (rN+++)
You do not regenerate when monsters are visible.
You are immune to unholy pain and torment.
You thrive by killing the living.


Message History

You carve the bag of meat like a ham!!!
You hew the bag of meat savagely.
You kill the bag of meat!
Makhleb accepts your kill.
You slash the large bag of meat!
Flame seeps out of the large bag of meat.
You hew the large bag of meat savagely.
Makhleb accepts your kill.
You slash the bag of meat!
You butcher the bag of meat messily.
You kill the bag of meat!
Makhleb accepts your kill.
You slice the bag of meat!! You chop the bag of meat into pieces.
You kill the bag of meat!
Makhleb accepts your kill.
The large bag of meat explodes!
The fiery explosion engulfs you!!!
The large bag of meat appears out of thin air!
A large bag of meat comes into view. It is wielding a +9 giant spiked club.
You are engulfed in blazing flames.
The large bag of meat shouts in stereo!
You hear a shout! x2
A meat berserker comes into view. It is wielding a +9 battleaxe.
A bag of meat comes into view. It is wielding a +9 war axe. x2
You hear a shout! x4
You have mastered Axes!
You have mastered Dodging!
You have reached level 16!
Unknown command.
Unknown command.
Unknown command.
You are engulfed in blazing flames.
You hear a shout!
The meat berserker rages.
You hear a shout! x3
A bag of meat comes into view. It is wielding a +9 war axe.
The bag of meat is engulfed in blazing flames.
The bag of meat hits you with a +9 war axe!!!
The bag of meat is engulfed in blazing flames.
The bag of meat hits you with a +9 war axe!!!
* * * LOW HITPOINT WARNING * * *
The bag of meat is engulfed in blazing flames.
The bag of meat hits you with a +9 war axe!!
You die...

###o....##.##.
...............
.....oo...#.#o.
....ooo........
#...oO.O.......
.#.o...........
.....oooo......
......o@O......
.....#§§o....#.
... #.))....#
...###.......###.
........###......
#........_......
......#.....#O.
......#_.<._#..
......#.....#


You could see a large bag of meat (inner flame), 3 meat berserkers and 15 bags
of meat.

Vanquished Creatures
  2 ogres (D)
  A two-headed ogre (D)
  12 orcs (D)
15 creatures vanquished.

Notes
Turn   | Place    | Note
-------+----------+-------------------------------------------
     0 | D        | Found the +∞ Axe of Woe
     0 | D        | HendSelp the Ghoul Monk began the quest for the Orb.
     0 | D        | Reached XP level 1. HP: 19/19 MP: 0/0
     4 | D        | Became a worshipper of Makhleb the Destroyer
     4 | D        | Reached * piety under Makhleb
     4 | D        | Reached ** piety under Makhleb
     4 | D        | Noticed a bag of meat
     6 | D        | Noticed a bag of meat
     6 | D        | Noticed a bag of meat
     6 | D        | Noticed a bag of meat
     7 | D        | Noticed a bag of meat
     8 | D        | Noticed a bag of meat
     9 | D        | Noticed a bag of meat
     9 | D        | Noticed a bag of meat
     9 | D        | Noticed a bag of meat
    10 | D        | Noticed a meat berserker
    10 | D        | Killed a bag of meat
    10 | D        | Killed a bag of meat
    10 | D        | Noticed a meat berserker
    10 | D        | Noticed a large bag of meat
    10 | D        | Noticed a bag of meat
    11 | D        | Reached skill level 15 in Dodging
    11 | D        | Reached XP level 2. HP: 55/55 MP: 1/1
    11 | D        | Reached XP level 3. HP: 62/62 MP: 2/2
    11 | D        | Reached XP level 4. HP: 70/70 MP: 3/3
    11 | D        | Reached XP level 5. HP: 77/77 MP: 4/4
    11 | D        | Reached XP level 6. HP: 85/85 MP: 5/5
    11 | D        | Reached XP level 7. HP: 92/92 MP: 6/6
    11 | D        | Reached XP level 8. HP: 101/101 MP: 7/7
    11 | D        | Reached XP level 9. HP: 107/107 MP: 8/8
    11 | D        | Reached XP level 10. HP: 115/115 MP: 9/9
    11 | D        | Reached XP level 11. HP: 123/123 MP: 10/10
    11 | D        | Reached XP level 12. HP: 130/130 MP: 11/11
    11 | D        | Noticed a bag of meat
    11 | D        | Noticed a bag of meat
    11 | D        | Noticed a bag of meat
    12 | D        | Killed a bag of meat
    12 | D        | Noticed a bag of meat
    12 | D        | Noticed a bag of meat
    12 | D        | Noticed a bag of meat
    12 | D        | Noticed a bag of meat
    13 | D        | Killed a bag of meat
    13 | D        | Reached *** piety under Makhleb
    13 | D        | Noticed a bag of meat
    14 | D        | Reached XP level 13. HP: 106/145 MP: 12/12
    14 | D        | Killed a meat berserker
    14 | D        | Killed a bag of meat
    14 | D        | Killed a meat berserker
    14 | D        | Reached **** piety under Makhleb
    14 | D        | Noticed a meat berserker
    14 | D        | Noticed a bag of meat
    14 | D        | Noticed a bag of meat
    14 | D        | Noticed a bag of meat
    15 | D        | Reached XP level 14. HP: 166/166 MP: 13/13
    15 | D        | Reached XP level 15. HP: 173/173 MP: 14/14
    16 | D        | Reached skill level 27 in Fighting
    16 | D        | Reached ***** piety under Makhleb
    16 | D        | Noticed a meat berserker
    18 | D        | Killed a large bag of meat
    18 | D        | Noticed a large bag of meat
    18 | D        | Noticed a meat berserker
    19 | D        | Reached skill level 27 in Axes
    19 | D        | Reached skill level 27 in Dodging
    19 | D        | Reached XP level 16. HP: 124/183 MP: 15/15
    19 | D        | Slain by a bag of meat

Illustrated notes

Levels and vault maps discovered:
D:        meatsprint

Skill      XL: |  1  2  3  4  5  6  7  8  9 10 11 12 13 14 15 |
---------------+----------------------------------------------+-----
Fighting       | 19 22 26 27 | 27.0
Axes           | 16 19 22 27 | 27.0
Dodging        | 15 17 21 27 | 27.0
Stealth        | |  2.1

Action                   |  1- 3 |  4- 6 |  7- 9 | 10-12 | 13-15 | 16-18 || total
-------------------------+-------+-------+-------+-------+-------+-------++-------
Melee: Executioner's axe |     1 |       |       |     2 |     4 |       ||     7

Table legend: (Time is in decaauts)
 A = Elapsed time spent in this place.
 B = Non-inter-level travel time spent in this place.
 C = Inter-level travel time spent in this place.
 D = Time resting spent in this place.
 E = Time spent auto-exploring this place.
 F = Levels seen in this place.
 G = Mean time per level.
                   A        B        C        D        E       F      G
               +--------+--------+--------+--------+--------+-----+--------+
         Total |     18 |     18 |      0 |      0 |      0 |   1 |   18.0 |
       Dungeon |     18 |     18 |      0 |      0 |      0 |   1 |   18.0 |
               +--------+--------+--------+--------+--------+-----+--------+

Top non-repeatable levels by time:
       D: 18 daAuts
